 Dungeon Crawl Stone Soup version 0.31-a0-229-g1fc7ce93e2 (webtiles) character file.

Game seed: 14526934594003262932

455 qw the Shooter (level 7, -4/40 HPs)
             Began as a Gargoyle Hexslinger on July 6, 2023.
             Slain by a lemure (5 damage)
             ... led by Pikel
             ... on level 4 of the Dungeon.
             The game lasted 00:01:05 (2899 turns).

qw the Shooter (Gargoyle Hexslinger)                Turns: 2899, Time: 00:01:05

Health: -4/40      AC: 13    Str: 12    XL:     7   Next: 5%
Magic:  8/8        EV: 11    Int: 13    God:
Gold:   249        SH:  0    Dex: 18    Spells: 7/8 levels left

rFire   + . .        Y - +3 sling
rCold   . . .        (no shield)
rNeg    + . .        e - +1 ring mail "South" {Will+ Dex+4}
rPois   inf          d - +0 helmet
rElec   +            g - scarf {repulsion}
rCorr   .            (no gloves)
SInv    .            (no boots)
Will    ++...        (no amulet)
Stlth   +            h - ring of protection from fire
HPRegen 0.26/turn    j - ring of willpower
MPRegen 0.11/turn

%: repel missiles
@: no status effects
A: sickness immunity, AC +4, negative energy resistance 1, electricity
resistance, torment resistance 1, petrification resistance
a: no special abilities


You were on level 4 of the Dungeon.
You visited 1 branch of the dungeon, and saw 4 of its levels.

You collected 273 gold pieces.
You spent 24 gold pieces at shops.


Innate Abilities, Weirdness & Mutations

You are immune to sickness and miasma.
Your stone body is resilient. (AC +4)
You are immune to poison.
You resist negative energy. (rN+)
You are resistant to electric shocks. (rElec)
You are resistant to unholy torment.
You are immune to petrification.


   Skills:
 + Level 2.5 Fighting
 - Level 5.2 Ranged Weapons
 - Level 4.7 Armour
 - Level 1.5 Dodging
 - Level 1.0 Spellcasting
 - Level 2.6 Hexes


You had 7 spell levels left.
You knew the following spells:

 Your Spells              Type           Power      Damage    Failure   Level
a - Slow                  Hex            28%        N/A       21%         1

Your spell library contained the following spells:

 Spells                   Type           Power      Damage    Failure   Level
 Inner Flame              Hex/Fire       4%         N/A       71%         3
 Portal Projectile        Hex/Tloc       8%         N/A       71%         3
 Cause Fear               Hex            3%         N/A       89%         4

Inventory:

Hand Weapons
 Y - a +3 sling (weapon)
Armour
 d - a +0 helmet (worn)
 e - the +1 ring mail "South" (worn) {Will+ Dex+4}
   (You found it on level 2 of the Dungeon)

   Dex:       It affects your dexterity (+4).
   Will:      It increases your willpower.
 g - a scarf of repulsion (worn)
Jewellery
 h - a ring of protection from fire (left hand)
 j - a ring of willpower (right hand)
Scrolls
 c - a scroll of teleportation {unknown}
 f - 3 scrolls of identify
 i - a scroll of blinking {unknown}
 l - a scroll of amnesia {unknown}
Potions
 a - a potion of enlightenment
 k - a potion of lignification {unknown}

Dungeon Overview and Level Annotations

Branches:
Dungeon (4/15)
 Temple: D:4-7

Altars:
Yredelemnul

Shops:
D:1 ?

Annotations:
D:4 Pikel


Message History

The sling bullet barely misses the lemure.
The lemure barely misses you. Pikel hits you but does no damage.
You shoot a sling bullet. The sling bullet hits the lemure.
The lemure is lightly wounded.
The lemure hits you. Pikel closely misses you.
The lemure hits you but does no damage.
Pikel hits you with a +2 whip of freezing.
Pikel freezes you.
2892 ||| DRINKING potion of heal wounds.
You feel much better. The lemure hits you. Pikel hits you but does no damage.
You shoot a sling bullet. The sling bullet hits the lemure!
The lemure is moderately wounded.
The lemure barely misses you. Pikel hits you but does no damage.
You shoot a sling bullet.
The sling bullet barely misses the lemure.
The lemure barely misses you. Pikel hits you but does no damage.
You shoot a sling bullet.
The sling bullet closely misses the lemure.
The lemure hits you.
Pikel hits you with a +2 whip of freezing.
Pikel freezes you.
You shoot a sling bullet. The sling bullet hits the lemure.
The lemure is heavily wounded.
The lemure closely misses you. Pikel closely misses you. The lemure hits you.
Pikel closely misses you.
You shoot a sling bullet. The sling bullet hits the lemure.
The lemure is severely wounded.
The lemure barely misses you.
Pikel hits you with a +2 whip of freezing!
Pikel freezes you.
You shoot a sling bullet.
The sling bullet barely misses the lemure.
The lemure hits you. Pikel closely misses you.
You shoot a sling bullet. The sling bullet hits the lemure.
The lemure is severely wounded.
The lemure hits you but does no damage.
Pikel hits you with a +2 whip of freezing.
Pikel freezes you. The lemure hits you.
You die...

~. ... #.....# #.ยค. ..
.....~.# #.~. ..
#....~.# .#.~. .
#....~.# .#.~. #.
#....~.###.#.~.
.####5####....~.......~.
.....5K5##....~~~~~~~~~.
#@................
#......../........
#####........#....
#.####..##....
...####..##....
##..............
#.#####..##.#..
#..............
...............


You could see Pikel and 3 lemures.

Vanquished Creatures
  Sigmund (D:3)
  An ogre (D:4)
  A lemure (D:4)
  An orc priest (D:3)
  A sleepcap (D:4)
  2 hound zombies (D:3)
  4 gnolls (D:3)
  An adder (D:4)
  A worm (D:3)
  A dart slug (D:3)
  5 orcs
  5 ball pythons
  2 endoplasms
  4 giant cockroaches
  7 goblins
  4 hobgoblins
  3 jackals (D:2)
  3 kobolds
  7 quokkas
  5 bats
  5 frilled lizards
  2 rats
66 creatures vanquished.

Notes
Turn   | Place    | Note
-------+----------+-------------------------------------------
     0 | D:1      | qw the Gargoyle Hexslinger began the quest for the Orb.
     0 | D:1      | Reached XP level 1. HP: 12/12 MP: 2/2
     0 | D:1      | 0 ||| qw: Version: 0.3-a-46-gb1f654a
     0 | D:1      | 0 ||| qw: Game counter: 1682
     0 | D:1      | 0 ||| qw: Melee chars always use a shield: true
     0 | D:1      | 0 ||| qw: God list: Okawaru
     0 | D:1      | 0 ||| qw: Allow faded altars: false
     0 | D:1      | 0 ||| qw: Do Orc after clearing Dungeon:15 true
     0 | D:1      | 0 ||| qw: Do second Lair branch before Depths: true
     0 | D:1      | 0 ||| qw: Lair rune preference: random
     0 | D:1      | 0 ||| qw: Goals: Normal
     0 | D:1      | 0 ||| PLANNING D:1-11
   246 | D:1      | Reached XP level 2. HP: 16/16 MP: 3/3
   247 | D:1      | Found Aghiriz's Magic Scroll Shoppe.
   264 | D:1      | 264 ||| SHOPLISTING scroll of enchant armour (90 gold, have
                  | 57).
   264 | D:1      | 264 ||| BUYING scroll of identify (24 gold).
   264 | D:1      | Bought a scroll of identify for 24 gold pieces
   264 | D:1      | 264 ||| SHOPLISTING scroll of teleportation (36 gold, have
                  | 33).
   451 | D:1      | Reached skill level 3 in Ranged Weapons
   638 | D:1      | 638 ||| UPGRADING to +0 helmet.
   643 | D:1      | 643 ||| UPGRADING to scarf of repulsion.
   648 | D:1      | 648 ||| UPGRADING to ring of protection from fire.
   649 | D:1      | 649 ||| READING scroll labelled JAUPOUQ FAIZU.
   650 | D:1      | 650 ||| READING scroll labelled UNUOPT RYGAC.
   651 | D:1      | 651 ||| DROPPING scroll of poison.
   894 | D:2      | Identified the +1 ring mail "South" {Will+ Dex+4}
   925 | D:2      | Reached XP level 3. HP: 21/21 MP: 4/4
   994 | D:2      | 994 ||| READING scroll of enchant weapon.
   994 | D:2      | 994 ||| ENCHANTING +2 sling.
  1499 | D:2      | 1499 ||| UPGRADING to +1 ring mail "South" {Will+ Dex+4}.
  1509 | D:2      | 1509 ||| DROPPING +0 robe.
  1510 | D:2      | 1510 ||| UPGRADING to ring of willpower.
  1511 | D:2      | 1511 ||| READING 2 scrolls labelled JUN SYOLIL.
  1512 | D:2      | 1512 ||| READING scroll labelled OWIJ BAKHLIWOH.
  1513 | D:2      | 1513 ||| DRINKING 2 viscous emerald potions.
  1514 | D:2      | 1514 ||| READING 3 scrolls of identify.
  1514 | D:2      | 1514 ||| IDENTIFYING emerald potion
  1515 | D:2      | 1515 ||| READING 2 scrolls of identify.
  1515 | D:2      | 1515 ||| IDENTIFYING pink potion
  1516 | D:2      | 1516 ||| DROPPING potion of magic.
  1517 | D:2      | 1517 ||| DROPPING scroll of immolation.
  1537 | D:3      | 1537 ||| PLANNING SEWER
  1565 | D:3      | Noticed Sigmund
  1578 | D:3      | Killed Sigmund
  1579 | D:3      | Reached XP level 4. HP: 21/26 MP: 5/5
  1579 | D:3      | Reached XP level 5. HP: 24/30 MP: 6/6
  1586 | D:3      | 1586 ||| FLEEEEING.
  1757 | D:3      | 1757 ||| Stepping ~*~*~tactically~*~*~ (outnumbered).
  1759 | D:3      | 1759 ||| Stepping ~*~*~tactically~*~*~ (outnumbered).
  1775 | D:3      | Reached XP level 6. HP: 20/35 MP: 7/7
  1945 | D:3      | Reached skill level 4 in Ranged Weapons
  1956 | D:3      | Found a basalt altar of Yredelemnul.
  2112 | D:3      | 2112 ||| RIP SEWER
  2151 | D:3      | 2151 ||| PLANNING D:1-11
  2151 | D:3      | 2151 ||| Stepping ~*~*~tactically~*~*~ (water).
  2172 | D:3      | 2172 ||| Stepping ~*~*~tactically~*~*~ (water).
  2175 | D:3      | 2175 ||| Stepping ~*~*~tactically~*~*~ (water).
  2609 | D:3      | 2609 ||| READING 3 scrolls of identify.
  2609 | D:3      | 2609 ||| IDENTIFYING glowing coppery potion
  2610 | D:3      | 2610 ||| READING 2 scrolls of identify.
  2610 | D:3      | 2610 ||| IDENTIFYING fuming black potion
  2611 | D:3      | 2611 ||| DROPPING potion of brilliance.
  2612 | D:3      | 2612 ||| DROPPING potion of invisibility.
  2731 | D:4      | Reached skill level 5 in Ranged Weapons
  2820 | D:4      | Reached XP level 7. HP: 36/40 MP: 8/8
  2879 | D:4      | Noticed Pikel
  2891 | D:4      | HP: 8/40 [Pikel/+2 whip of freezing (6)]
  2892 | D:4      | 2892 ||| DRINKING potion of heal wounds.
  2897 | D:4      | HP: 10/40 [Pikel/+2 whip of freezing (3)]
  2899 | D:4      | HP: 2/40 [Pikel/+2 whip of freezing (5)]
  2899 | D:4      | Slain by a lemure

Levels and vault maps discovered:
D:1:      matt_arrival_los_fun, layout_basic, serial_shops, shop_coins,
          minmay_misc_feat_rows
D:2:      layout_basic, kennysheep_big_empty_room, minmay_pentomino_x2
D:3:      layout_basic, lemuel_zombie_altar_yredelemnul, gup_sewer_entry_pipe,
          guppyfry_early_lair_pool, uniq_sigmund
D:4:      layout_rooms, lemuel_coloured_pillars_altar,
          mainiacjoe_overflow_brackets, mainiacjoe_overflow_two_lobes,
          minmay_temple_entry_proselytizer, uniq_pikel

Skill      XL: |  1  2  3  4  5  6 |
---------------+-------------------+-----
Ranged Weapons | 3 5 |  5.2
Fighting       | 2 |  2.5
Armour         | 4 |  4.7
Dodging        | |  1.5
Spellcasting   | |  1.0
Hexes          | |  2.6

Action                     |  1- 3 |  4- 6 |  7- 9 || total
---------------------------+-------+-------+-------++-------
   Fire: Sling             |    95 |   120 |    29 ||   244
    Use: Scroll            |     7 |     2 |       ||     9
         Potion            |     1 |       |     1 ||     2
 Armour: Robe              |    13 |       |       ||    13
         Ring mail         |     1 |    42 |    17 ||    60
  Dodge: Dodged            |    35 |    45 |    22 ||   102
         Repelled          |     2 |       |       ||     2

Table legend:
 A = Non-vault XP
 B = Vault XP
 C = Vault XP percentage of total XP
 D = Non-vault monster count
 E = Vault monster count
 F = Vault count percentage of total count
                 A         B        C        D         E       F
            +---------+---------+-------+---------+---------+-------
      Total |     357 |     293 |  45.1 |      56 |       9 |  13.8
            +---------+---------+-------+---------+---------+-------
        D:1 |      23 |       0 |   0.0 |      14 |       0 |   0.0
        D:2 |      25 |       2 |   7.4 |      16 |       1 |   5.9
        D:3 |     130 |     291 |  69.1 |      16 |       8 |  33.3
        D:4 |     179 |       0 |   0.0 |      10 |       0 |   0.0
            +---------+---------+-------+---------+---------+-------
